 Dungeon Crawl Stone Soup version 0.20.1-1-g8b1a95d (webtiles) character file.

21 PhyxPenguin the Caller (level 2, 0/15 HPs)
             Began as a Tengu Summoner on Dec 9, 2017.
             Succumbed to an adder's poison
             ... on level 2 of the Dungeon.
             The game lasted 00:11:43 (1205 turns).

PhyxPenguin the Caller (Tengu Summoner)             Turns: 1205, Time: 00:11:44

Health: 0/15       AC:  2    Str:  8    XL:     2   Next: 83%
Magic:  1/6        EV: 15    Int: 15    God:
Gold:   48         SH:  0    Dex: 14    Spells: 2/5 levels left

rFire    . . .     SeeInvis .   j - +0 short sword (venom)
rCold    . . .     Gourm    .   (no shield)
rNeg     . . .     Faith    .   a - +0 robe
rPois    .         Spirit   .   (helmet restricted)
rElec    .         Reflect  .   (no cloak)
rCorr    .         Harm     .   (no gloves)
MR       .....                  (boots unavailable)
Stlth    ++........             (no amulet)
Regen    0.1/turn               (no ring)
MPRegen  0.1/turn               (no ring)

@: lethally poisoned (0 -> -6), flying quickly and evasively, quick
A: beak, talons 3
a: no special abilities


You were on level 2 of the Dungeon.
You were not hungry.

You visited 1 branch of the dungeon, and saw 2 of its levels.

You collected 48 gold pieces.

Inventory:

Hand Weapons
 j - a +0 short sword of venom (weapon)
Armour
 a - a +0 robe (worn)
Jewellery
 e - an uncursed amulet of magic regeneration {unknown}
Scrolls
 f - 2 scrolls of remove curse {unknown}
 i - a scroll of magic mapping {unknown}
Potions
 d - 3 potions of degeneration {unknown}
 g - a potion of lignification {unknown}
Books
 b - a book of Callings

   Spells                             Type                      Level
   a - Summon Small Mammal            Summoning                    1
   b - Call Imp                       Summoning                    2
   c - Call Canine Familiar           Summoning                    3
   d - Summon Guardian Golem          Hexes/Summoning              3
   e - Summon Lightning Spire         Summoning/Air                4
   f - Summon Ice Beast               Ice/Summoning                4


   Skills:
 + Level 2.1 Dodging
 + Level 2.3 Stealth
 + Level 0.2 Unarmed Combat
 + Level 2.3 Spellcasting
 + Level 5.2 Summonings


You had 2 spell levels left.
You knew the following spells:

 Your Spells              Type           Power        Failure   Level  Hunger
a - Summon Small Mammal   Summ           ###.         2%          1    #......
b - Call Imp              Summ           ###.....     3%          2    ###....


Dungeon Overview and Level Annotations

Branches:
Dungeon (2/15)

Altars:


Innate Abilities, Weirdness & Mutations

You have a beak for a mouth.
You have claws for feet.


Message History

Found 8 gold pieces.
The adder barely misses you.
Your crimson imp closely misses the adder.
Your crimson imp blinks!
The adder bites you.
You are lethally poisoned!
The adder poisons you!
Your crimson imp blinks!
The adder bites you.
* * * LOW HITPOINT WARNING * * *
Your crimson imp hits the adder.
It was a potion of flight.
You feel very buoyant.
You swoop lightly up into the air.
* * * LOW HITPOINT WARNING * * *
You feel sick.
Your crimson imp hits the adder.
The adder completely misses you.
Your crimson imp misses the adder.
Your crimson imp misses the adder.
Your crimson imp blinks!
You die...

..........# #..
###.#......# ##.#
#......#...# #...
#.#..###..#####(.. . #
##.#.)............<
..#.##.55..###.#####((..
#......S..## #.# #.#..
#.........####.# #.#..
#...#..@.......# #.#..
... #......5...# #.#.. .
..[..........# >.#..
...............# #####
...............#
............$...
.....#########. .....


You could see an adder and 3 friendly crimson imps.

Vanquished Creatures
  A worm (D:1)
  2 giant cockroaches (D:1)
  2 hobgoblins (D:1)
  A goblin (D:1)
  A kobold (D:1)
  A rat (D:1)
8 creatures vanquished.

Vanquished Creatures (collateral kills)
  A bat (D:1)
  A goblin (D:2)
  3 hobgoblins
  A quokka (D:2)
  3 kobolds
  4 rats (D:1)
13 creatures vanquished.

Grand Total: 21 creatures vanquished

Notes
Turn   | Place    | Note
-------+----------+-------------------------------------------
     0 | D:1      | PhyxPenguin the Tengu Summoner began the quest for the Orb.
     0 | D:1      | Reached XP level 1. HP: 10/10 MP: 4/4
   323 | D:1      | Reached skill level 5 in Summonings
   458 | D:1      | Reached XP level 2. HP: 7/15 MP: 1/6
   875 | D:1      | Learned a level 2 spell: Call Imp
  1205 | D:2      | Succumbed to an adder's poison

Skill      XL: |  1 |
---------------+----+-----
Summonings     | 5 |  5.2
Dodging        | |  2.1
Stealth        | |  2.3
Unarmed Combat | |  0.2
Spellcasting   | |  2.3

Action                   || total
-------------------------++-------
Melee: Unarmed           ||    22
       Peck              ||     6
       Kick              ||     6
       Short sword       ||     6
 Cast: Summon Small Mamm ||    20
       Call Imp          ||     9
  Use: Potion            ||     1
 Stab: Sleeping          ||     1
  Eat: Bread ration      ||     1
Armor: Robe              ||    18
Dodge: Dodged            ||    46
